AoeStats
← joosephy

Lombardia

508646146Analyzed
4v4 RM · 8d ago on Sep 23, 2026· 44m 23s· 8 players
Game mode
Random Map
Map size
Large (8 player)
Population
200
Speed
Normal
Resources
Standard
Victory
Conquest
Starting age
Dark Age
Ending age
Imperial Age
RankedLock teamsTeams togetherTeam positionsShared explorationLock speedFull tech treeHidden civsTurbo modeCheats
Victory
Defeat
🇨🇳 Danes · China
1864
+11
🇨🇳 Varangians · China
1789
+14
🇨🇳 Saxons · China
1762
+15
🇨🇳 Koreans · China
1650
+21
🇨🇳 Mongols · China
1834
-19
🇨🇳 Persians · China
1787
-17
🇨🇳 Spanish · China
1712
-14
🇹🇼 Gurjaras · Taiwan
1633
-11
joosephy
4:49 Loom
9:07 Feudal Age
9:50 Double-Bit Axe
17:18 Castle Age
15:04 Horse Collar
15:21 Gold Mining
18:26 Bow Saw
21:24 Wheelbarrow
21:20 Heavy Plow
24:41 Scale Barding Armor
25:53 Bloodlines
26:28 Chain Barding Armor
26:13 Husbandry
28:53 Forging
30:00 Hand Cart
30:06 Town Watch
35:03 Imperial Age
33:31 Kshatriyas
34:09 Iron Casting
36:23 Plate Barding Armor
36:13 Conscription
35:17 Heavy Camel Rider
36:26 Fletching
35:57 Elite Shrivamsha Rider
36:50 Light Cavalry
39:11 Frontier Guards
39:02 Bodkin Arrow
39:08 Scale Mail Armor
39:24 Elite Elephant Archer
40:11 Thumb Ring
39:38 Hussar
40:13 Elite Skirmisher
42:19 Caravan
44:36 Chemistry
43:39 Padded Archer Armor
43:47 Bracer
绯雪
7:18 Loom
11:33 Feudal Age
15:21 Castle Age
14:01 Double-Bit Axe
14:59 Horse Collar
20:09 Wheelbarrow
20:46 Bow Saw
25:29 Padded Archer Armor
28:11 Leather Archer Armor
29:04 Husbandry
29:23 Bloodlines
30:35 Hand Cart
30:06 Town Watch
34:33 Imperial Age
33:35 Gold Mining
34:01 Scale Barding Armor
35:01 Cavalier
36:18 Chain Barding Armor
41:05 Chemistry
十大地方
8:36 Feudal Age
9:05 Double-Bit Axe
9:47 Horse Collar
9:57 Loom
10:08 Loom
15:24 Wheelbarrow
20:44 Castle Age
21:24 Bow Saw
22:33 Heavy Plow
23:33 Crossbowman
24:43 Gold Mining
25:21 Elite Skirmisher
26:55 Fletching
28:06 Town Watch
28:29 Bodkin Arrow
29:22 Padded Archer Armor
30:26 Leather Archer Armor
32:51 Town Watch
33:33 Masonry
34:35 Hand Cart
34:57 Gold Shaft Mining
34:16 Stone Mining
36:30 Ballistics
39:00 Imperial Age
38:47 Stone Shaft Mining
38:29 Crossbowman
39:23 Thumb Ring
39:25 Kamandaran
39:47 Conscription
40:21 Ring Archer Armor
40:53 Chemistry
39:32 Light Cavalry
40:22 Bloodlines
40:13 Husbandry
40:33 Hussar
42:34 Scale Barding Armor
42:39 Forging
43:37 Chain Barding Armor
胖丁
8:31 Feudal Age
8:59 Double-Bit Axe
8:55 Horse Collar
17:45 Castle Age
17:53 Forging
17:37 Gold Mining
18:21 Forging
18:50 Bow Saw
18:40 Heavy Plow
18:05 Light Cavalry
19:29 Husbandry
22:07 Wheelbarrow
22:42 Stone Mining
23:36 Fletching
24:05 Town Watch
25:22 Gold Shaft Mining
25:48 Bodkin Arrow
25:49 Loom
27:00 Hand Cart
27:37 Padded Archer Armor
32:22 Imperial Age
30:57 Leather Archer Armor
31:03 Ballistics
31:15 Bloodlines
31:14 Thumb Ring
31:47 Masonry
31:57 Nomads
32:15 Town Patrol
33:04 Bracer
34:04 Chemistry
33:51 Parthian Tactics
34:00 Conscription
33:42 Elite Mangudai
36:53 Hoardings
36:28 Onager
37:09 Onager
39:18 Drill
39:04 Siege Onager
41:25 Capped Ram
42:54 Siege Ram
44:21 Coinage
RTMaxwell
9:03 Feudal Age
9:05 Man-at-Arms
9:38 Double-Bit Axe
9:52 Horse Collar
15:18 Wheelbarrow
18:15 Castle Age
16:23 Gold Mining
16:46 Fletching
18:53 Bodkin Arrow
19:20 Bow Saw
20:30 Padded Archer Armor
20:32 Loom
23:08 Ballistics
23:45 Husbandry
25:36 Bloodlines
26:41 Hand Cart
28:43 Thumb Ring
29:08 Heavy Plow
31:01 Gold Shaft Mining
30:16 Stone Mining
35:55 Imperial Age
34:03 Squires
34:04 Scale Mail Armor
34:01 Pikeman
35:36 Chain Mail Armor
36:48 Forging
37:19 Plate Mail Armor
36:09 Halberdier
36:20 Onager
38:38 Iron Casting
37:49 Hamask
39:44 Caravan
39:32 Northmen's Fury
40:34 Conscription
40:24 Siege Engineers
40:44 Arson
42:32 Blast Furnace
43:44 Siege Onager
猪咪
7:02 Loom
9:51 Feudal Age
10:45 Double-Bit Axe
10:42 Horse Collar
18:00 Castle Age
16:49 Fletching
19:04 Bodkin Arrow
19:21 Bow Saw
19:16 Heavy Plow
25:14 Ballistics
27:26 Wheelbarrow
27:50 Husbandry
34:31 Imperial Age
32:51 Hand Cart
35:14 Bracer
36:15 Chemistry
35:26 Masonry
35:23 Elite Fire Lancer
36:03 Squires
36:04 Scale Mail Armor
36:15 Forging
37:21 Caravan
38:49 Conscription
38:46 Chain Mail Armor
39:06 Iron Casting
40:35 Pikeman
41:53 Plate Mail Armor
42:32 Halberdier
爱种田的太奶
9:04 Feudal Age
9:40 Double-Bit Axe
9:56 Horse Collar
13:11 Bloodlines
19:38 Castle Age
20:33 Bow Saw
21:06 Heavy Plow
21:45 Wheelbarrow
23:42 Hand Cart
25:29 Town Watch
26:55 Loom
28:43 Gold Mining
28:44 Stone Mining
31:49 Imperial Age
30:12 Scale Barding Armor
30:27 Treadmill Crane
30:59 Forging
31:44 Chain Barding Armor
32:24 Iron Casting
31:50 Husbandry
32:55 Conscription
33:40 Two-Man Saw
33:11 Crop Rotation
32:56 Elite Jarl
35:18 Blast Furnace
35:25 Plate Barding Armor
35:17 Fortified Wall
35:50 Caravan
38:01 Capped Ram
39:02 Siege Engineers
39:07 Masonry
39:29 Siege Ram
40:35 Cavalier
41:43 Fletching
42:55 Chemistry
TS-精锐狐狐
3:49 Loom
11:10 Feudal Age
15:21 Castle Age
13:58 Double-Bit Axe
16:13 Horse Collar
16:43 Bow Saw
24:59 Heavy Plow
26:32 Gold Mining
26:33 Stone Mining
27:56 Wheelbarrow
31:19 Imperial Age
30:02 Gold Shaft Mining
30:22 Hand Cart
30:08 Scale Mail Armor
30:18 Forging
31:05 Chain Mail Armor
31:15 Squires
31:01 Arson
31:19 Treadmill Crane
32:20 Iron Casting
31:23 Elite Varangian Guard
32:30 Conscription
31:43 Capped Ram
33:06 Plate Mail Armor
32:23 Shield Wall
33:09 Gambesons
34:47 Siege Engineers
35:42 Pikeman
37:21 Halberdier
39:11 Siege Ram
40:18 Ballistics
39:48 Fletching
40:24 Bodkin Arrow
40:29 Padded Archer Armor
40:28 Man-at-Arms
41:20 Bracer
42:34 Leather Archer Armor
43:22 Chemistry
42:33 Masonry
42:15 Elite Skirmisher
43:01 Thumb Ring
44:30 Ring Archer Armor
Connection lost

Rejoining the realm…

Still unreachable

The connection could not be restored.

Session expired

The server has moved on; the page needs a fresh start.